 Dungeon Crawl Stone Soup version 0.31-a0-151-ge443d1f16c (webtiles) character file.

Game seed: 9449207722300479361

549 qw the Shooter (level 7, 0/62 HPs)
             Began as a Minotaur Hunter on June 8, 2023.
             Slain by an orc priest
             ... wielding a +0 flail
              (2 damage)
             ... on level 5 of the Dungeon.
             The game lasted 00:01:04 (3000 turns).

qw the Shooter (Minotaur Hunter)                    Turns: 3000, Time: 00:01:05

Health: 0/62       AC:  5    Str: 16    XL:     7   Next: 7%
Magic:  6/6        EV: 11    Int:  6    God:
Gold:   204        SH:  0    Dex: 15    Spells: 6/6 levels left

rFire   . . .        Y - +0 shortbow (flame)
rCold   . . .        (shield currently unavailable)
rNeg    . . .        h - +0 ring mail
rPois   +            (helmet restricted)
rElec   .            (no cloak)
rCorr   .            (no gloves)
SInv    .            (no boots)
Will    .....        a - amulet of faith
Stlth   +            m - ring of poison resistance
HPRegen 0.30/turn    (no ring)
MPRegen 0.10/turn

%: faith
@: no status effects
A: horns 2, retaliatory headbutt
a: no special abilities


You were on level 5 of the Dungeon.
You visited 1 branch of the dungeon, and saw 5 of its levels.

You collected 204 gold pieces.


Innate Abilities, Weirdness & Mutations

You have a pair of horns on your head.
You reflexively headbutt those who attack you in melee.


   Skills:
 - Level 5.7 Fighting
 + Level 7.9 Ranged Weapons
 - Level 1.5 Armour
 - Level 2.1 Dodging
 - Level 0.7 Stealth


You had 6 spell levels left.
You didn't know any spells.
Your spell library was empty.

Inventory:

Hand Weapons
 Y - a +0 shortbow of flaming (weapon)
Armour
 h - a +0 ring mail (worn)
Jewellery
 a - an amulet of faith (around neck)
 m - a ring of poison resistance (left hand)
Scrolls
 f - 2 scrolls of identify
Potions
 b - a potion of enlightenment {unknown}
 d - a potion of might
 g - a potion of haste
 k - a potion of resistance

Dungeon Overview and Level Annotations

Branches:
Dungeon (5/15)
 Temple: D:4-7

Altars:
Gozag
Kikubaaqudgha

Annotations:
D:5 Dowan, Duvessa


Message History

You feel a bit more experienced.
You feel sick.
You shoot an arrow.
The arrow hits the orc priest but does no damage.
You feel sick.
You are no longer poisoned.
The orc priest hits you with a +0 flail.
You shoot an arrow. The arrow hits the orc priest.
The arrow burns the orc priest.
The orc priest is lightly wounded.
The orc priest barely misses you.
You shoot an arrow.
The arrow closely misses the orc priest.
The arrow hits the orc priest.
The arrow burns the orc priest.
The orc priest is severely wounded.
The orc priest hits you with a +0 flail.
You shoot an arrow.
The arrow closely misses the orc priest.
The arrow hits the orc priest but does no damage.
The orc priest is severely wounded.
The orc priest mumbles some strange prayers to Beogh against you.
You struggle to resist.
The orc priest casts a cantrip, but nothing happens.
You shoot an arrow.
The arrow hits the orc priest but does no damage.
The orc priest is lightly wounded.
The orc priest closely misses you.
The orc priest calls upon Beogh to heal the orc priest.
The orc priest's wounds heal themselves!
The orc priest hits you with a +0 flail.
You shoot an arrow. The arrow hits the orc priest.
The arrow burns the orc priest.
The orc priest is moderately wounded.
The orc priest begins to cast a cantrip, but forgets the words!
The orc priest closely misses you.
You shoot an arrow.
The arrow hits the orc priest but does no damage.
The orc priest is moderately wounded.
The orc priest hits you with a +0 flail.
You die...

######### ........#
.#######@#
...o...#o#############
....so..o..........>.#
....##)#.####.#####.##
. #.#.# #.# #.# ..#.#
#.# #.# ####.####.#
#.# #......# #.#
######## #.#


You could see 2 orc priests.

Vanquished Creatures
  Sigmund (D:3)
  A water moccasin (D:5)
  An ogre (D:4)
  A howler monkey (D:4)
  Jessica (D:3)
  An orc wizard (D:5)
  5 adders
  A worm (D:4)
  5 orcs
  4 bats (D:1)
  2 bat zombies (D:4)
  8 endoplasms
  2 giant cockroaches
  6 goblins
  4 hobgoblins
  4 jackals (D:1)
  7 ball pythons
  3 frilled lizards
  6 kobolds
  3 rats
66 creatures vanquished.

Notes
Turn   | Place    | Note
-------+----------+-------------------------------------------
     0 | D:1      | qw the Minotaur Hunter began the quest for the Orb.
     0 | D:1      | Reached XP level 1. HP: 18/18 MP: 0/0
     0 | D:1      | 0 ||| qw: Version: 0.2-a-120-gdf1a93b
     0 | D:1      | 0 ||| qw: Game counter: 3091
     0 | D:1      | 0 ||| qw: Always use a shield: true
     0 | D:1      | 0 ||| qw: God list: Okawaru
     0 | D:1      | 0 ||| qw: Allow faded altars: false
     0 | D:1      | 0 ||| qw: Do Orc after D:15 true
     0 | D:1      | 0 ||| qw: Do second Lair branch before Depths: true
     0 | D:1      | 0 ||| qw: Lair rune preference: random
     0 | D:1      | 0 ||| qw: Plans: Normal
     0 | D:1      | 0 ||| PLANNING D:1-11
   146 | D:1      | Found a faded altar of an unknown god.
   212 | D:1      | Reached XP level 2. HP: 25/25 MP: 1/1
   246 | D:1      | Reached skill level 5 in Ranged Weapons
   290 | D:1      | 290 ||| FLEEEEING.
   353 | D:1      | Reached skill level 3 in Fighting
   718 | D:1      | 718 ||| UPGRADING to +0 ring mail.
   728 | D:1      | 728 ||| DROPPING +0 leather armour.
   729 | D:1      | 729 ||| UPGRADING to ring of poison resistance.
   730 | D:1      | 730 ||| READING scroll labelled FIHIBE GIMEUMOS.
   731 | D:1      | 731 ||| READING 4 scrolls labelled KOWNYI IGEEMIM.
   732 | D:1      | 732 ||| READING scroll labelled WAUWOE QEFETU.
   733 | D:1      | 733 ||| READING scroll labelled ORRILU ALLOAGO.
   734 | D:1      | 734 ||| READING 3 scrolls of identify.
   734 | D:1      | 734 ||| IDENTIFYING bubbling cyan potion
   735 | D:1      | 735 ||| READING 2 scrolls of identify.
   735 | D:1      | 735 ||| IDENTIFYING fuming ruby potion
   736 | D:1      | 736 ||| DROPPING scroll of butterflies.
   737 | D:1      | 737 ||| DROPPING potion of berserk rage.
   863 | D:2      | Reached XP level 3. HP: 31/31 MP: 2/2
  1033 | D:2      | Reached skill level 1 in Armour
  1239 | D:2      | 1239 ||| READING scroll labelled MIDEUM JAGUOG.
  1240 | D:2      | 1240 ||| READING scroll labelled XAUSUISUEDGH.
  1245 | D:2      | 1245 ||| READING 3 scrolls of identify.
  1245 | D:2      | 1245 ||| IDENTIFYING fuming coppery potion
  1246 | D:2      | 1246 ||| READING 2 scrolls of identify.
  1246 | D:2      | 1246 ||| IDENTIFYING amethyst potion
  1311 | D:3      | Found an opulent altar of Gozag.
  1375 | D:3      | Noticed Jessica
  1377 | D:3      | Killed Jessica
  1378 | D:3      | Reached XP level 4. HP: 38/38 MP: 3/3
  1544 | D:3      | Reached skill level 6 in Ranged Weapons
  1607 | D:3      | Noticed Sigmund
  1613 | D:3      | 1613 ||| DRINKING potion of curing.
  1613 | D:3      | 1613 ||| (to cure confusion)
  1620 | D:3      | Killed Sigmund
  1621 | D:3      | Reached XP level 5. HP: 43/50 MP: 4/4
  1980 | D:3      | 1980 ||| UPGRADING to amulet of faith.
  1985 | D:3      | 1985 ||| READING scroll labelled IMEDYASTRAYC.
  1986 | D:3      | 1986 ||| READING 3 scrolls of identify.
  1986 | D:3      | 1986 ||| IDENTIFYING sapphire potion
  1987 | D:3      | 1987 ||| READING 2 scrolls of identify.
  1987 | D:3      | 1987 ||| IDENTIFYING sedimented coppery potion
  2053 | D:4      | Reached XP level 6. HP: 57/57 MP: 5/5
  2429 | D:4      | Reached skill level 7 in Ranged Weapons
  2672 | D:4      | Found an ancient bone altar of Kikubaaqudgha.
  2723 | D:4      | 2723 ||| DROPPING ring of flight.
  2724 | D:4      | 2724 ||| READING scroll labelled KOUFYU ZONG.
  2771 | D:5      | Entered Level 5 of the Dungeon
  2812 | D:5      | Noticed Dowan
  2813 | D:5      | Noticed Duvessa
  2826 | D:5      | HP: 12/57 [Duvessa/+0 rapier (3)]
  2827 | D:5      | 2827 ||| READING scroll of teleportation.
  2828 | D:5      | 2828 ||| DRINKING 2 potions of heal wounds.
  2973 | D:5      | Noticed a water moccasin
  2977 | D:5      | 2977 ||| Stepping ~*~*~tactically~*~*~ (outnumbered).
  2978 | D:5      | 2978 ||| Stepping ~*~*~tactically~*~*~ (outnumbered).
  2987 | D:5      | Killed a water moccasin
  2987 | D:5      | HP: 13/57 [poisoned by a water moccasin]
  2988 | D:5      | Reached XP level 7. HP: 15/62 MP: 6/6
  2988 | D:5      | 2988 ||| DRINKING potion of heal wounds.
  2992 | D:5      | HP: 14/62 [something/magic dart (6)]
  2998 | D:5      | HP: 1/62 [orc priest/+0 flail (6)]
  3000 | D:5      | Slain by an orc priest

Levels and vault maps discovered:
D:1:      dpeg_arrival_pits, layout_loops_ring,
          chequers_ecumenical_altar_simple_redux,
          chequers_serial_rivers_micro_c, minmay_misc_feat_roman
D:2:      layout_basic
D:3:      layout_loops_ring, mainiacjoe_overflow_boulevard, uniq_jessica,
          uniq_sigmund
D:4:      layout_basic, lemuel_zombie_altar_kikubaaqudgha
D:5:      layout_basic, nzn_wu_jian_council_hall, old_standard_altar,
          jmf_multi_god_temple, uniq_duvessa

Skill      XL: |  1  2  3  4  5  6 |
---------------+-------------------+-----
Ranged Weapons | 5 6 7 |  7.9
Fighting       | 3 5 |  5.7
Armour         | 1 |  1.5
Dodging        | |  2.1
Stealth        | |  0.7

Action                     |  1- 3 |  4- 6 |  7- 9 || total
---------------------------+-------+-------+-------++-------
   Fire: Shortbow          |    89 |   113 |    12 ||   214
    Use: Scroll            |    10 |     5 |       ||    15
         Potion            |       |     2 |     1 ||     3
 Armour: Leather armour    |     6 |       |       ||     6
         Ring mail         |     3 |    11 |     1 ||    15
  Dodge: Dodged            |    28 |    34 |     5 ||    67

Table legend:
 A = Non-vault XP
 B = Vault XP
 C = Vault XP percentage of total XP
 D = Non-vault monster count
 E = Vault monster count
 F = Vault count percentage of total count
                 A         B        C        D         E       F
            +---------+---------+-------+---------+---------+-------
      Total |     521 |     264 |  33.6 |      62 |       4 |   6.1
            +---------+---------+-------+---------+---------+-------
        D:1 |      38 |       0 |   0.0 |      24 |       0 |   0.0
        D:2 |      27 |       0 |   0.0 |      10 |       0 |   0.0
        D:3 |      48 |     260 |  84.4 |      15 |       2 |  11.8
        D:4 |     216 |       4 |   1.8 |      10 |       2 |  16.7
        D:5 |     192 |       0 |   0.0 |       3 |       0 |   0.0
            +---------+---------+-------+---------+---------+-------
